General information
- name: BNet
- type: Ladder team game (AT/RT)
- host: Battle.net
- saver: Tojaru
map: GoldRush
- players: 8
- length: 22:39
- speed: Fast
- version: 1.26 W3XP
- replay type: Public
» download(173 KB)
Players
team 1 (winner)
Aerelius.Aldos (
yellow | 60 APM | 1350 actions | 22:38)
4 Mountain King
2 Storm Bolt
2 Bash
2 Paladin
1 Holy Light
1 Divine Shield
» actions
| Assign group hotkey | 28 | |
| Basic commands | 47 | |
| Build / train | 70 | |
| Enter build submenu | 37 | |
| Enter hero's abilities submenu | 7 | |
| Give item / drop item | 2 | |
| Right click | 406 | |
| Select / deselect | 233 | |
| Select group hotkey | 442 | |
| Use ability | 78 | |
1350 total
» units
| Peasant | 18 | |
| Footman | 3 | |
| Rifleman | 7 | |
| Priest | 5 | |
| Spell Breaker | 3 | |
| Sorceress | 1 | |
| Mortar Team | 4 | |
41 total
» upgrades
| Gunpowder | 1 | |
| Armor | 1 | |
| Lumber Harvesting | 1 | |
| Long Rifles | 1 | |
4 total
» buildings
| Altar of Kings | 2 | |
| Farm | 19 | |
| Barracks | 3 | |
| Scout Tower | 5 | |
| Arcane Tower | 1 | |
| Town Hall | 1 | |
| Lumber Mill | 1 | |
| Keep | 1 | |
| Blacksmith | 1 | |
| Arcane Vault | 1 | |
| Arcane Sanctum | 1 | |
| Guard Tower | 3 | |
| Castle | 1 | |
| Workshop | 1 | |
41 total
» build order
00:14 Altar of Kings
00:24 Farm
00:53 Barracks
01:01 Scout Tower
01:31 Arcane Tower
01:37 Farm
02:18 Farm
03:35 Town Hall
03:38 Lumber Mill
05:13 Altar of Kings
06:00 Keep
06:47 Blacksmith
06:51 Barracks
06:52 Barracks
06:57 Farm
08:03 Farm
08:09 Arcane Vault
08:42 Arcane Sanctum
08:49 Farm
09:20 Farm
09:29 Scout Tower
09:31 Scout Tower
10:12 Guard Tower
10:16 Farm
11:12 Farm
11:38 Guard Tower
12:00 Farm
13:23 Castle
13:30 Scout Tower
14:06 Guard Tower
14:09 Farm
14:43 Workshop
14:57 Farm
17:56 Farm
17:59 Farm
18:00 Scout Tower
18:01 Farm
18:52 Farm
18:55 Farm
20:22 Farm
20:25 Farm
» items
| Healing Salve | 1 | |
| Lesser Clarity Potion | 2 | |
| Scroll of Town Portal | 4 | |
| Potion of Healing | 3 | |
| Orb of Lightning | 1 | |
11 total
Tojaru (
purple | 72 APM | 1640 actions | 22:39)
7 Blademaster
3 Wind Walk
3 Critical Strike
1 Bladestorm
» actions
| Assign group hotkey | 27 | |
| Basic commands | 45 | |
| Build / train | 80 | |
| Enter build submenu | 29 | |
| Enter hero's abilities submenu | 7 | |
| Give item / drop item | 3 | |
| Right click | 719 | |
| Select / deselect | 281 | |
| Select group hotkey | 367 | |
| Use ability | 82 | |
1640 total
» units
| Peon | 19 | |
| Grunt | 18 | |
| Raider | 9 | |
| Kodo Beast | 1 | |
47 total
» upgrades
| Berserker Strength | 1 | |
| Ensnare | 1 | |
| Melee Weapons | 3 | |
| Pillage | 1 | |
| Armor | 3 | |
| Reinforced Defenses | 1 | |
| War Drums Damage Increase | 1 | |
11 total
» buildings
| Altar of Storms | 1 | |
| Orc Burrow | 6 | |
| Voodoo Lounge | 1 | |
| Barracks | 1 | |
| Stronghold | 1 | |
| Great Hall | 2 | |
| War Mill | 1 | |
| Beastiary | 1 | |
| Watch Tower | 13 | |
| Fortress | 1 | |
28 total
» build order
00:07 Altar of Storms
00:10 Orc Burrow
00:24 Voodoo Lounge
01:36 Barracks
02:00 Orc Burrow
03:07 Stronghold
03:43 Orc Burrow
04:17 Great Hall
05:10 War Mill
05:53 Beastiary
06:54 Watch Tower
08:59 Watch Tower
09:29 Watch Tower
10:22 Fortress
10:56 Orc Burrow
11:23 Orc Burrow
11:37 Watch Tower
13:20 Watch Tower
13:25 Watch Tower
13:28 Watch Tower
13:30 Watch Tower
16:35 Watch Tower
16:36 Watch Tower
18:09 Orc Burrow
18:25 Great Hall
18:39 Watch Tower
18:40 Watch Tower
18:41 Watch Tower
» items
| Healing Salve | 2 | |
| Scroll of Town Portal | 1 | |
| Boots of Speed | 1 | |
| Staff of Teleportation | 1 | |
| Potion of Healing | 3 | |
| Scroll of Regeneration | 1 | |
| Lesser Clarity Potion | 1 | |
| Orb of Lightning | 1 | |
11 total

»
neil_diamond (
orange | 63 APM | 1431 actions | 22:38)
6 Dark Ranger
3 Black Arrow
2 Silence
1 Charm
4 Death Knight
2 Death Coil
2 Unholy Aura
» actions
| Assign group hotkey | 63 | |
| Basic commands | 266 | |
| Build / train | 68 | |
| Enter build submenu | 23 | |
| Enter hero's abilities submenu | 9 | |
| Right click | 318 | |
| Select / deselect | 321 | |
| Select group hotkey | 325 | |
| Use ability | 38 | |
1431 total
» units
| Acolyte | 7 | |
| Ghoul | 5 | |
| Crypt Fiend | 22 | |
| Frost Wyrm | 4 | |
| Obsidian Statue | 2 | |
40 total
» upgrades
| Creature Attack | 3 | |
| Creature Carapace | 3 | |
| Web | 1 | |
| Burrow | 1 | |
| Ghoul Frenzy | 1 | |
| Unholy Strength | 1 | |
| Unholy Armor | 1 | |
| Freezing Breath | 1 | |
| Disease Cloud | 1 | |
13 total
» buildings
| Ziggurat | 7 | |
| Crypt | 2 | |
| Altar of Darkness | 2 | |
| Graveyard | 1 | |
| Nerubian Tower | 1 | |
| Halls of the Dead | 1 | |
| Black Citadel | 1 | |
| Sacrificial Pit | 1 | |
| Boneyard | 2 | |
| Slaughterhouse | 3 | |
| Tomb of Relics | 1 | |
22 total
» build order
00:14 Ziggurat
00:22 Crypt
01:08 Altar of Darkness
01:13 Altar of Darkness
01:26 Graveyard
01:42 Ziggurat
02:03 Nerubian Tower
02:50 Ziggurat
03:36 Ziggurat
05:47 Halls of the Dead
07:57 Crypt
09:18 Black Citadel
09:41 Sacrificial Pit
10:12 Ziggurat
10:15 Ziggurat
10:18 Ziggurat
14:21 Boneyard
15:50 Boneyard
19:39 Slaughterhouse
19:41 Slaughterhouse
19:43 Slaughterhouse
21:07 Tomb of Relics

»
buckeyes (
red | 47 APM | 1074 actions | 22:38)
5 Mountain King
2 Storm Bolt
2 Bash
1 Avatar
3 Paladin
2 Holy Light
1 Divine Shield
» actions
| Assign group hotkey | 30 | |
| Basic commands | 25 | |
| Build / train | 94 | |
| Enter build submenu | 32 | |
| Enter hero's abilities submenu | 9 | |
| Right click | 362 | |
| Select / deselect | 269 | |
| Select group hotkey | 176 | |
| Use ability | 77 | |
1074 total
» units
| Peasant | 22 | |
| Footman | 10 | |
| Rifleman | 5 | |
| Dragonhawk Rider | 5 | |
| Knight | 10 | |
| Gryphon Rider | 2 | |
54 total
» upgrades
| Gunpowder | 1 | |
| Armor | 2 | |
| Lumber Harvesting | 2 | |
| Long Rifles | 1 | |
| Masonry | 1 | |
| Cloud | 1 | |
| Swords | 2 | |
| Animal War Training | 1 | |
| Storm Hammers | 1 | |
12 total
» buildings
| Farm | 11 | |
| Altar of Kings | 2 | |
| Scout Tower | 1 | |
| Barracks | 2 | |
| Arcane Vault | 1 | |
| Arcane Tower | 1 | |
| Keep | 1 | |
| Town Hall | 3 | |
| Lumber Mill | 1 | |
| Blacksmith | 1 | |
| Castle | 2 | |
| Gryphon Aviary | 4 | |
30 total
» build order
00:54 Farm
01:08 Altar of Kings
01:24 Scout Tower
01:32 Farm
01:43 Barracks
01:50 Arcane Vault
01:53 Arcane Tower
02:08 Farm
02:10 Farm
02:45 Farm
04:34 Keep
04:56 Town Hall
06:13 Barracks
06:30 Lumber Mill
06:33 Blacksmith
08:44 Castle
09:53 Gryphon Aviary
09:55 Gryphon Aviary
09:57 Gryphon Aviary
10:02 Gryphon Aviary
10:27 Farm
10:27 Farm
10:31 Farm
14:11 Farm
14:13 Farm
14:54 Farm
17:36 Town Hall
18:56 Altar of Kings
22:23 Town Hall
» items
| Potion of Healing | 2 | |
| Potion of Mana | 2 | |
| Scroll of Town Portal | 2 | |
| Orb of Fire | 1 | |
| Scroll of Regeneration | 1 | |
8 total
team 2 (loser)

»
AUDUSD (
blue | 62 APM | 1385 actions | 22:28)
5 Pit Lord
3 Rain of Fire
1 Cleaving Attack
1 Howl of Terror
3 Priestess of the Moon
2 Trueshot Aura
1 Searing Arrows
» actions
| Assign group hotkey | 30 | |
| Basic commands | 39 | |
| Build / train | 75 | |
| ESC pressed | 2 | |
| Enter build submenu | 25 | |
| Enter hero's abilities submenu | 7 | |
| Right click | 361 | |
| Select / deselect | 403 | |
| Select group hotkey | 362 | |
| Use ability | 81 | |
1385 total
» units
| Acolyte | 4 | |
| Ghoul | 5 | |
| Archer | 8 | |
| Meatwagon | 3 | |
| Necromancer | 7 | |
| Obsidian Statue | 3 | |
| Dryad | 1 | |
| Druid of the Talon | 2 | |
| Hippogryph | 2 | |
35 total
» upgrades
| Skeletal Longevity | 1 | |
| Moon Armor | 2 | |
| Exhume Corpses | 1 | |
| Improved Bows | 1 | |
| Marksmanship | 1 | |
| Reinforced Hides | 1 | |
| Skeletal Mastery | 1 | |
| Hippogryph Taming | 1 | |
9 total
» buildings
| Ziggurat | 6 | |
| Crypt | 1 | |
| Altar of Darkness | 1 | |
| Graveyard | 1 | |
| Nerubian Tower | 1 | |
| Spirit Tower | 4 | |
| Halls of the Dead | 1 | |
| Temple of the Damned | 3 | |
| Slaughterhouse | 2 | |
| Tree of Ages | 2 | |
| Moon Well | 3 | |
| Tomb of Relics | 1 | |
| Black Citadel | 1 | |
| Ancient of Wind | 4 | |
| Ancient of Lore | 2 | |
| Altar of Elders | 1 | |
34 total
» build order
01:14 Ziggurat
01:17 Crypt
01:23 Altar of Darkness
02:34 Graveyard
02:50 Ziggurat
03:16 Nerubian Tower
04:02 Spirit Tower
04:02 Spirit Tower
04:02 Spirit Tower
04:14 Ziggurat
04:48 Halls of the Dead
07:20 Temple of the Damned
07:22 Temple of the Damned
08:03 Temple of the Damned
08:06 Slaughterhouse
08:09 Slaughterhouse
08:36 Tree of Ages
08:37 Tree of Ages
08:42 Moon Well
08:52 Ziggurat
09:00 Tomb of Relics
09:23 Moon Well
09:24 Moon Well
09:35 Ziggurat
09:58 Ziggurat
13:23 Black Citadel
13:37 Ancient of Wind
13:38 Ancient of Lore
13:43 Ancient of Wind
14:34 Spirit Tower
18:14 Ancient of Lore
19:12 Ancient of Wind
19:16 Ancient of Wind
21:47 Altar of Elders
» items
| Scroll of Town Portal | 5 | |
| Potion of Healing | 3 | |
| Orb of Corruption | 1 | |
9 total
626 (
teal | 56 APM | 1266 actions | 22:32)
7 Death Knight
3 Death Coil
3 Unholy Aura
1 Animate Dead
» actions
| Assign group hotkey | 57 | |
| Basic commands | 11 | |
| Build / train | 52 | |
| Enter build submenu | 21 | |
| Enter hero's abilities submenu | 7 | |
| Right click | 605 | |
| Select / deselect | 379 | |
| Select group hotkey | 58 | |
| Use ability | 76 | |
1266 total
» units
| Acolyte | 2 | |
| Ghoul | 3 | |
| Crypt Fiend | 8 | |
| Obsidian Statue | 1 | |
| Frost Wyrm | 12 | |
26 total
» upgrades
| Creature Attack | 2 | |
| Creature Carapace | 2 | |
| Web | 1 | |
| Freezing Breath | 1 | |
6 total
» buildings
| Ziggurat | 7 | |
| Crypt | 2 | |
| Altar of Darkness | 1 | |
| Nerubian Tower | 2 | |
| Tomb of Relics | 2 | |
| Graveyard | 1 | |
| Spirit Tower | 2 | |
| Halls of the Dead | 1 | |
| Slaughterhouse | 1 | |
| Black Citadel | 1 | |
| Sacrificial Pit | 1 | |
| Boneyard | 2 | |
23 total
» build order
00:16 Ziggurat
00:18 Crypt
00:49 Altar of Darkness
01:17 Nerubian Tower
01:30 Ziggurat
02:02 Tomb of Relics
02:26 Graveyard
02:34 Nerubian Tower
02:56 Crypt
03:25 Ziggurat
05:55 Spirit Tower
06:45 Tomb of Relics
06:46 Halls of the Dead
08:47 Ziggurat
09:26 Slaughterhouse
09:48 Spirit Tower
11:07 Ziggurat
11:43 Black Citadel
11:47 Sacrificial Pit
14:44 Boneyard
14:51 Boneyard
14:57 Ziggurat
15:01 Ziggurat
» items
| Rod of Necromancy | 1 | |
| Dust of Appearance | 1 | |
| Scroll of Town Portal | 1 | |
3 total

»
Dr4CuLa (
pink | 101 APM | 2278 actions | 22:37)
6 Death Knight
3 Death Coil
2 Unholy Aura
1 Animate Dead
5 Lich
3 Frost Nova
2 Frost Armor
» actions
| Assign group hotkey | 277 | |
| Basic commands | 89 | |
| Build / train | 96 | |
| ESC pressed | 1 | |
| Enter build submenu | 25 | |
| Enter hero's abilities submenu | 12 | |
| Give item / drop item | 1 | |
| Right click | 700 | |
| Select / deselect | 343 | |
| Select group hotkey | 545 | |
| Use ability | 189 | |
2278 total
» units
| Acolyte | 20 | |
| Ghoul | 5 | |
| Crypt Fiend | 14 | |
| Obsidian Statue | 8 | |
| Abomination | 1 | |
48 total
» upgrades
| Creature Attack | 3 | |
| Destroyer Form | 1 | |
| Strength of the Moon | 1 | |
| Creature Carapace | 3 | |
| Backpack | 1 | |
| Unholy Armor | 1 | |
10 total
» buildings
| Graveyard | 1 | |
| Crypt | 1 | |
| Altar of Darkness | 1 | |
| Ziggurat | 10 | |
| Tomb of Relics | 1 | |
| Halls of the Dead | 3 | |
| Black Citadel | 1 | |
| Temple of the Damned | 1 | |
| Slaughterhouse | 3 | |
| Tree of Eternity | 1 | |
23 total
» build order
00:14 Graveyard
00:17 Crypt
00:43 Altar of Darkness
00:58 Ziggurat
01:25 Tomb of Relics
02:23 Ziggurat
04:12 Halls of the Dead
04:12 Halls of the Dead
05:52 Ziggurat
08:17 Black Citadel
08:21 Ziggurat
09:08 Temple of the Damned
09:20 Slaughterhouse
11:20 Tree of Eternity
13:12 Slaughterhouse
14:42 Ziggurat
17:48 Slaughterhouse
20:18 Ziggurat
20:19 Ziggurat
20:19 Ziggurat
20:21 Ziggurat
20:22 Ziggurat
» items
| Rod of Necromancy | 9 | |
| Sacrificial Skull | 2 | |
| Dust of Appearance | 1 | |
| Scroll of Town Portal | 3 | |
| Orb of Corruption | 2 | |
| Potion of Healing | 1 | |
| Scroll of Healing | 1 | |
19 total
0rcback (
green | 30 APM | 228 actions | 07:34)
1 Priestess of the Moon
1 Scout
» actions
| Assign group hotkey | 7 | |
| Basic commands | 3 | |
| Build / train | 22 | |
| Enter build submenu | 10 | |
| Enter hero's abilities submenu | 1 | |
| Remove unit from queue | 1 | |
| Right click | 74 | |
| Select / deselect | 62 | |
| Select group hotkey | 33 | |
| Use ability | 15 | |
228 total
» units
» buildings
| Altar of Elders | 1 | |
| Moon Well | 4 | |
| Ancient of War | 2 | |
| Ancient of Wonders | 1 | |
| Hunter's Hall | 1 | |
9 total
» build order
00:18 Altar of Elders
00:27 Moon Well
00:55 Ancient of War
01:39 Moon Well
02:08 Ancient of War
02:24 Moon Well
06:12 Moon Well
06:33 Ancient of Wonders
06:36 Hunter's Hall
Chat log
(00:08 / Allies) Aerelius.Aldos: hi
(00:16 / Allies) Tojaru: hi
(00:18 / Allies) Aerelius.Aldos: wtf i was random?
(00:30 / Allies) Tojaru: yeah
(00:35 / Allies) Tojaru: what race do you normally play?
(00:38 / Allies) Aerelius.Aldos: :O i thought ne
(00:43 / Allies) Aerelius.Aldos: but hu good 2
(00:49 / Allies) Aerelius.Aldos: suck with orc:p
(00:55 / Allies) Tojaru: good! I can play hu, orc, ud but not NE. my NE is awful
(01:03 / Allies) Aerelius.Aldos: me orc
(01:05 / Allies) Aerelius.Aldos: i hate orc
(01:08 / Allies) Aerelius.Aldos: specialy gay bm
(01:08 / Allies) Aerelius.Aldos: hiding coward
(01:10 / Allies) Tojaru: i hate playing vs orcs, but i like being them
(01:44 / Allies) Aerelius.Aldos: unist?
(01:46 / Allies) Aerelius.Aldos: units
(01:49 / Allies) Tojaru: raiders/grunts
(02:45 / Allies) Aerelius.Aldos: fast mine
(03:11 / Allies) Aerelius.Aldos: :D
(04:41 / Allies) Aerelius.Aldos: fuck helop
(05:00 / Allies) Aerelius.Aldos: guys?
(05:02 / Allies) Tojaru: omw
(05:36 / Allies) Aerelius.Aldos: fuck lost alot income
(05:38 / Allies) Aerelius.Aldos: wood plz
(05:45 / Allies) Aerelius.Aldos: ty
(05:48 / Allies) Tojaru: np
(05:50 / Allies) Aerelius.Aldos: main base
(05:54 / Allies) Aerelius.Aldos: ill tech there
(06:42 / Allies) neil_diamond: make troops yellow
(07:26 / Allies) Aerelius.Aldos: purp wtf?
(07:31 / Allies) Tojaru: ?
(07:32 / Allies) Aerelius.Aldos: hes allie
(07:34 / Allies) neil_diamond: just a move if you can't micro
(07:45 / Allies) Tojaru: colourblind, sorry man
(10:13 / Allies) Tojaru: gave you belt for str hero
(10:20 / Allies) Aerelius.Aldos: ty
(10:22 / Allies) Tojaru: np
(10:56 / Allies) Aerelius.Aldos: check all mines?
(11:00 / Allies) Tojaru: k
(11:08 / Allies) Aerelius.Aldos: let me get tp tho
(11:48 / Allies) Tojaru: tp
(11:50 / Allies) neil_diamond: anyone have lumber?
(11:57 / Allies) Aerelius.Aldos: onlt damn gold xd
(12:07 / Allies) Aerelius.Aldos: leave
(12:09 / Allies) Aerelius.Aldos: noob base
(12:23 / All) Aerelius.Aldos: that many fiends xd
(13:14 / Allies) Aerelius.Aldos: b
(13:37 / Allies) Aerelius.Aldos: pink lost all
(13:45 / Allies) Aerelius.Aldos: lol still lives
(13:45 / Allies) Aerelius.Aldos: xd
(14:51 / Allies) Aerelius.Aldos: atack
(14:52 / Allies) Aerelius.Aldos: ?
(15:19 / Allies) Aerelius.Aldos: red 2 me!
(15:25 / Allies) Aerelius.Aldos: nvm
(15:27 / Allies) Aerelius.Aldos: nice purp
(16:25 / All) Dr4CuLa: im scared
(16:33 / All) Aerelius.Aldos: why>
(16:39 / All) Aerelius.Aldos: u killed my main base? xd
(17:05 / Allies) neil_diamond: yellow attack
(17:42 / Allies) Aerelius.Aldos: b
(17:51 / Allies) Aerelius.Aldos: heal and rego
(18:24 / Allies) Aerelius.Aldos: :o gj guys
(18:29 / Allies) Aerelius.Aldos: coming again
(18:58 / All) Aerelius.Aldos: hmm
(19:48 / Allies) buckeyes: purple hit them
(19:51 / All) Aerelius.Aldos: Die noobs thats all?
(20:20 / All) Aerelius.Aldos: srry guys
(20:39 / All) Aerelius.Aldos: only lost my hero
(20:49 / All) Aerelius.Aldos: green better units?
(20:55 / All) Aerelius.Aldos: archers suck later in game
(21:00 / All) Dr4CuLa: grene left
(21:05 / All) Aerelius.Aldos: l;o
(21:06 / All) Aerelius.Aldos: xd
(21:12 / All) Aerelius.Aldos: make better units then
(21:31 / All) Aerelius.Aldos: ;o my hero xd
(21:42 / All) Aerelius.Aldos: no exp for me
(22:24 / Allies) Aerelius.Aldos: srry i lost my heroes
(22:28 / Allies) Tojaru: np
(22:36 / Allies) Aerelius.Aldos: xd
(22:37 / Allies) Aerelius.Aldos: new army